 Dungeon Crawl Stone Soup version 0.31.0-11-ge490571c62 (webtiles) character file.

Game seed: 13063513675001371095

123 Ofeo the Shooter (level 5, -12/39 HPs)
             Began as a Barachi Hunter on Jan 27, 2024.
             Mangled by a gnoll
             ... wielding a +0 flail
              (13 damage)
             ... on level 2 of the Dungeon.
             The game lasted 00:01:27 (1804 turns).

Ofeo the Shooter (Barachi Hunter)                   Turns: 1804, Time: 00:01:28

Health: -12/39     AC:  3    Str: 13    XL:     5   Next: 7%
Magic:  5/5        EV:  6    Int:  9    God:
Gold:   61         SH:  0    Dex: 17    Spells: 4/4 levels left

rFire   . . .        a - +0 shortbow
rCold   . . .        (shield currently unavailable)
rNeg    . . .        c - +0 leather armour
rPois   .            (no helmet)
rElec   .            (no cloak)
rCorr   .            (no gloves)
SInv    .            (no boots)
Will    .....        (no amulet)
Stlth   ++           (no ring)
HPRegen 0.26/turn    (no ring)
MPRegen 0.09/turn

%: no passive effects
@: unable to hop, attractive, held, slow
A: amphibious, slowness 1, strong legs 1, +LOS
a: Hop


You were on level 2 of the Dungeon.
You visited 1 branch of the dungeon, and saw 2 of its levels.

You collected 61 gold pieces.

Inventory:

Hand Weapons
 a - a +0 shortbow (weapon)
Armour
 c - a +0 leather armour (worn)
Scrolls
 b - a scroll of butterflies
 d - a scroll of noise {unknown}
 g - a scroll of summoning {unknown}
Potions
 f - a potion of haste {unknown}
 h - a potion of enlightenment {unknown}
 i - a potion of ambrosia {unknown}
 l - 3 potions of lignification


   Skills:
 - Level 2.6 Fighting
 + Level 5.9 Ranged Weapons
 - Level 2.4 Dodging
 - Level 1.2 Stealth


You had 4 spell levels left.
You didn't know any spells.
Your spell library was empty.

Dungeon Overview and Level Annotations

Branches:
Dungeon (2/15)

Altars:

Shops:
D:1 [

Annotations:
D:2 Natasha


Innate Abilities, Weirdness & Mutations

You are amphibious.
You cover ground slowly.
You can hop short distances.
You have an extended range of vision and can be seen from far away.


Message History

Natasha is nearby!
You are too injured to fight recklessly!
Natasha is nearby!
You are too injured to fight recklessly!
You see here the felid corpse of Natasha.
A gnoll comes into view. It is wielding a +0 whip.
The gnoll shouts!
Natasha casts a spell at you. You resist with some effort.
A hobgoblin comes into view.
Found a stone staircase leading up.
A gnoll comes into view.
It is wielding a +0 whip and quivering a throwing net.
A gnoll comes into view. It is wielding a +0 flail.
You shoot an arrow. The gnoll shouts!
The arrow hits the gnoll but does no damage.
Hop to where?
Press: ? - help, Dir - move target, f - you, p - gnoll
Okay, then.
Hop to where?
Press: ? - help, Dir - move target Boing!
The gnoll throws a throwing net.
The throwing net hits you.
You become entangled in the net!
You struggle against the net.
The hobgoblin hits you.
You take 4 damage, and have 22/39 hp.
You struggle against the net.
The gnoll hits you with a +0 flail! The gnoll hits you with a +0 whip.
* * * LOW HITPOINT WARNING * * *
The hobgoblin hits you.
* * * LOW HITPOINT WARNING * * *
You take 16 damage, and have 6/39 hp.
MASSIVE DAMAGE!!
You struggle against the net.
The gnoll barely misses you. The gnoll hits you with a +0 whip.
* * * LOW HITPOINT WARNING * * *
The hobgoblin closely misses you.
You take 5 damage, and have 1/39 hp.
It was a potion of attraction.
You feel attractive to monsters. The gnoll hits you with a +0 flail!
You die...

#....#....#
.........##
...........
####....### #
#.... # #.
#.... #
#.###.###
##... #
#.......###.##
##.# #
#.#@gg...# ##
# ##..gg.####
# .<........#
#
#........##h#
#
#........##.#
#
#........##.##
#
#####....##..#
# #######..# #
#h†# #


You could see Natasha, 3 gnolls and a hobgoblin.

Vanquished Creatures
  Terence (D:2)
  Natasha (twice) (D:2)
  A gnoll (D:2)
  A dart slug (D:1)
  3 bats (D:1)
  3 endoplasms
  2 giant cockroaches (D:1)
  5 hobgoblins
  2 jackals (D:1)
  A quokka (D:1)
  5 ball pythons
  3 frilled lizards
  3 goblins (D:1)
  5 kobolds
  2 rats
39 creatures vanquished.

Notes
Turn   | Place    | Note
-------+----------+-------------------------------------------
     0 | D:1      | Ofeo the Barachi Hunter began the quest for the Orb.
     0 | D:1      | Reached XP level 1. HP: 17/17 MP: 1/1
    10 | D:1      | Found Neuzxup's Armour Boutique.
    32 | D:1      | Reached skill level 1 in Stealth
   175 | D:1      | Reached XP level 2. HP: 23/23 MP: 2/2
   515 | D:1      | Reached XP level 3. HP: 28/28 MP: 3/3
  1330 | D:2      | Noticed Natasha
  1335 | D:2      | Reached skill level 5 in Ranged Weapons
  1342 | D:2      | Killed Natasha
  1343 | D:2      | Reached XP level 4. HP: 16/34 MP: 4/4
  1596 | D:2      | Noticed Terence
  1609 | D:2      | Killed Terence
  1778 | D:2      | Noticed Natasha
  1787 | D:2      | Killed Natasha
  1788 | D:2      | Reached XP level 5. HP: 22/39 MP: 5/5
  1790 | D:2      | Noticed Natasha
  1803 | D:2      | HP: 1/39 [gnoll/+0 whip (5)]
  1804 | D:2      | Mangled by a gnoll

Illustrated notes

Levels and vault maps discovered:
D:1:      tarquinn_simple_flora_water_f, layout_basic, serial_shops,
          nicolae_diamond_shop, solitary_fountain
D:2:      layout_basic, uniq_natasha, uniq_terence, uniq_crazy_yiuf_cottage

Skill      XL: |  1  2  3 |
---------------+----------+-----
Stealth        | 1 |  1.2
Ranged Weapons | 5 |  5.9
Fighting       | |  2.6
Dodging        | |  2.4

Action                     |  1- 3 |  4- 6 || total
---------------------------+-------+-------++-------
   Fire: Shortbow          |   123 |    22 ||   145
Ability: Hop               |       |     1 ||     1
    Use: Scroll            |       |     3 ||     3
         Potion            |       |     1 ||     1
 Armour: Leather armour    |    36 |    15 ||    51
  Dodge: Dodged            |    49 |     7 ||    56
